[ AOE2 MATCH · #506576685 ]
UnrankedCelts vs Persians
Player's team · LOSS
Rival team · WIN
[ REPLAY ANALYSIS · EXTRACTED FROM THE RECORDED GAME ]
Feudal
9:47
Castle
—
Imperial
—
| APM avg | 53.1 |
| APM peak | 87 |
| eAPM avg | 17.0 |
| Villagers / military | 43 / 12 |
Focus
⚔️ 22.1% · 🌾 77.9%
Archer ×11 · Militia ×1
Feudal
10:27
Castle
—
Imperial
—
| APM avg | 57.2 |
| APM peak | 93 |
| eAPM avg | 25.0 |
| Villagers / military | 44 / 17 |
Focus
⚔️ 19.0% · 🌾 81.0%
Archer ×8 · Militia ×5 · Skirmisher ×4
Match map
Initial resources + every placement click. Lines = walls · curves = elevation contours. ◆ gold · ⬟ stone · ● berries · ✦ relic · ◌ wall gap
Your base· Open — unwalled flank
PowerBug96's base· Open — unwalled flank
Smoothed initial terrain · ◌ = detected wall gap · hover for details
Inputs per minute
— Noorda - - PowerBug96
Build order — Noorda
89 actions detected in the replay
| 0:00 | Queue | Villager (Male) |
| 0:00 | Queue | Villager (Male) |
| 0:02 | Build | House |
| 0:03 | Build | House |
| 0:16 | Queue | Villager (Male) |
| 0:16 | Queue | Villager (Male) |
| 1:23 | Queue | Villager (Male) |
| 1:24 | Queue | Villager (Male) |
| 1:43 | Build | Lumber Camp |
| 1:59 | Queue | Villager (Male) |
| 1:59 | Queue | Villager (Male) |
| 2:16 | Queue | Villager (Male) |
| 2:46 | Queue | Villager (Male) |
| 3:21 | Queue | Villager (Male) |
| 4:06 | Queue | Villager (Male) |
| 4:07 | Queue | Villager (Male) |
| 4:07 | Queue | Villager (Male) |
| 4:34 | Build | Mill |
| 4:58 | Queue | Villager (Male) |
| 5:02 | Queue | Villager (Male) |
| 5:02 | Queue | Villager (Male) |
| 5:27 | Build | House |
| 5:54 | Build | Mining Camp |
| 6:42 | Queue | Villager (Male) |
| 7:05 | Research | Loom |
| 7:15 | Build | Barracks |
| 7:15 | Queue | Villager (Male) |
| 7:37 | Research | Feudal Age |
| 7:37 | Research | Feudal Age |
| 8:16 | Build | House |
| 8:50 | Build | House |
| 8:53 | Build | Palisade Wall |
| 8:59 | Queue | Villager (Male) |
| 9:01 | Queue | Villager (Male) |
| 9:04 | Build | Palisade Wall |
| 9:08 | Queue | Villager (Male) |
| 9:47 | Age | Feudal Age |
| 9:51 | Build | Archery Range |
| 9:55 | Queue | Villager (Male) |
| 9:57 | Build | Lumber Camp |
| 10:02 | Research | Double-Bit Axe |
| 10:28 | Queue | Militia |
| 10:37 | Queue | Archer |
| 10:37 | Queue | Archer |
| 10:39 | Build | Blacksmith |
| 10:46 | Queue | Villager (Male) |
| 11:14 | Queue | Archer |
| 11:14 | Queue | Archer |
| 11:25 | Build | Lumber Camp |
| 11:25 | Queue | Villager (Male) |
| 11:33 | Build | Farm |
| 11:33 | Build | Farm |
| 11:45 | Queue | Archer |
| 11:52 | Build | House |
| 12:07 | Build | Farm |
| 12:16 | Queue | Villager (Male) |
| 12:27 | Queue | Villager (Male) |
| 12:39 | Build | Market |
| 12:48 | Queue | Villager (Male) |
| 12:51 | Queue | Archer |
| 13:19 | Build | Farm |
| 13:19 | Build | Farm |
| 13:20 | Build | Farm |
| 13:47 | Queue | Villager (Male) |
| 13:50 | Research | Fletching |
| 14:11 | Queue | Villager (Male) |
| 14:22 | Queue | Villager (Male) |
| 14:37 | Queue | Archer |
| 14:42 | Build | House |
| 14:48 | Queue | Villager (Male) |
| 14:49 | Queue | Villager (Male) |
| 15:00 | Queue | Villager (Male) |
| 15:04 | Queue | Villager (Male) |
| 15:07 | Build | House |
| 15:08 | Build | House |
| 15:08 | Build | House |
| 15:20 | Queue | Archer |
| 15:20 | Queue | Archer |
| 15:34 | Queue | Villager (Male) |
| 15:41 | Build | Watch Tower |
| 15:43 | Queue | Villager (Male) |
| 15:54 | Queue | Archer |
| 15:54 | Queue | Archer |
| 16:21 | Queue | Villager (Male) |
| 16:23 | Queue | Villager (Male) |
| 16:33 | Queue | Villager (Male) |
| 16:34 | Queue | Villager (Male) |
| 16:34 | Queue | Villager (Male) |
| 16:35 | Queue | Villager (Male) |
Build order — PowerBug96
109 actions detected in the replay
| 0:00 | Queue | Villager (Male) |
| 0:01 | Queue | Villager (Male) |
| 0:01 | Queue | Villager (Male) |
| 0:02 | Build | House |
| 0:03 | Build | House |
| 0:12 | Queue | Villager (Male) |
| 0:12 | Queue | Villager (Male) |
| 0:12 | Queue | Villager (Male) |
| 1:29 | Queue | Villager (Male) |
| 1:29 | Queue | Villager (Male) |
| 1:41 | Build | Lumber Camp |
| 2:04 | Queue | Villager (Male) |
| 2:04 | Queue | Villager (Male) |
| 2:04 | Queue | Villager (Male) |
| 2:42 | Queue | Villager (Male) |
| 2:42 | Queue | Villager (Male) |
| 2:53 | Queue | Villager (Male) |
| 2:54 | Queue | Villager (Male) |
| 2:54 | Queue | Villager (Male) |
| 3:56 | Queue | Villager (Male) |
| 3:56 | Queue | Villager (Male) |
| 3:57 | Queue | Villager (Male) |
| 4:02 | Build | Barracks |
| 4:31 | Build | House |
| 4:56 | Queue | Villager (Male) |
| 4:56 | Queue | Villager (Male) |
| 5:02 | Queue | Militia |
| 5:02 | Queue | Militia |
| 5:27 | Queue | Militia |
| 5:28 | Queue | Militia |
| 5:36 | Queue | Villager (Male) |
| 5:36 | Queue | Villager (Male) |
| 5:51 | Queue | Villager (Male) |
| 5:52 | Queue | Militia |
| 5:57 | Build | House |
| 6:00 | Queue | Villager (Male) |
| 6:12 | Build | Mill |
| 6:22 | Queue | Villager (Male) |
| 6:51 | Queue | Villager (Male) |
| 6:52 | Queue | Villager (Male) |
| 6:54 | Research | Loom |
| 7:40 | Build | Mining Camp |
| 7:50 | Build | House |
| 8:21 | Research | Feudal Age |
| 8:22 | Queue | Villager (Male) |
| 8:31 | Build | House |
| 8:34 | Build | Palisade Wall |
| 10:01 | Build | Palisade Gate |
| 10:21 | Build | House |
| 10:25 | Build | Palisade Wall |
| 10:27 | Age | Feudal Age |
| 10:28 | Build | Palisade Wall |
| 10:31 | Build | Archery Range |
| 10:33 | Build | Blacksmith |
| 10:35 | Queue | Villager (Male) |
| 11:09 | Queue | Villager (Male) |
| 11:23 | Queue | Villager (Male) |
| 11:29 | Build | Market |
| 11:37 | Research | Man-at-Arms (upgrade) |
| 11:38 | Queue | Villager (Male) |
| 11:43 | Research | Double-Bit Axe |
| 11:43 | Research | Double-Bit Axe |
| 11:56 | Queue | Villager (Male) |
| 12:02 | Research | Horse Collar |
| 12:07 | Queue | Archer |
| 12:07 | Queue | Archer |
| 12:07 | Queue | Archer |
| 12:11 | Research | Fletching |
| 12:22 | Queue | Villager (Male) |
| 12:27 | Build | Farm |
| 12:33 | Queue | Skirmisher |
| 12:34 | Queue | Villager (Male) |
| 12:50 | Build | Lumber Camp |
| 12:51 | Queue | Archer |
| 12:54 | Build | Farm |
| 12:55 | Build | Farm |
| 13:41 | Queue | Archer |
| 13:43 | Queue | Villager (Male) |
| 13:46 | Build | Farm |
| 13:48 | Build | Farm |
| 13:49 | Build | Farm |
| 13:51 | Build | Farm |
| 13:52 | Queue | Villager (Male) |
| 14:02 | Queue | Archer |
| 14:09 | Queue | Villager (Male) |
| 14:10 | Build | Farm |
| 14:12 | Build | Farm |
| 14:25 | Queue | Archer |
| 14:31 | Queue | Skirmisher |
| 14:39 | Build | Farm |
| 14:41 | Build | Farm |
| 14:48 | Research | Padded Archer Armor |
| 14:48 | Research | Padded Archer Armor |
| 14:53 | Build | Farm |
| 14:56 | Build | Farm |
| 15:10 | Queue | Villager (Male) |
| 15:13 | Build | Farm |
| 15:16 | Build | Farm |
| 15:18 | Build | Farm |
| 15:20 | Queue | Skirmisher |
| 15:34 | Build | House |
| 15:36 | Build | House |
| 15:55 | Queue | Skirmisher |
| 16:28 | Queue | Archer |
| 16:29 | Queue | Villager (Male) |
| 16:30 | Queue | Villager (Male) |
| 16:36 | Queue | Villager (Male) |
| 16:37 | Queue | Villager (Male) |
| 16:39 | Build | Farm |
Match timeline
| 4:02 | PowerBug96 · first_building Barracks |
| 7:15 | Noorda · first_building Barracks |
| 8:34 | PowerBug96 · wall_segment Palisade Wall x7 |
| 8:53 | Noorda · wall_segment Palisade Wall x1 |
| 9:04 | Noorda · wall_segment Palisade Wall x1 |
| 9:47 | Noorda · age_up feudal |
| 9:51 | Noorda · first_building Archery Range |
| 10:25 | PowerBug96 · wall_segment Palisade Wall x1 |
| 10:27 | PowerBug96 · age_up feudal |
| 10:28 | PowerBug96 · wall_segment Palisade Wall x3 |
| 10:31 | PowerBug96 · first_building Archery Range |
| 15:28 | PowerBug96 · first_market_buy 100 food |
| 16:39 | Noorda · resign |
[ AI ANALYSIS · 1 CREDIT ]
What really happened in this match?
Wolo.gg analyzes every decision: build order, eco, micro, common mistakes by bracket. Personalized analysis on WhatsApp or Discord in 30 seconds.
Civ guide
Celts
Perfil
Noorda